 Dungeon Crawl Stone Soup version 0.32-a0-422-g28b100f (webtiles) character file.

Game seed: 4519699301687682219

263 Nithhogg the Covered (level 5, -3/47 HPs)
             Began as a Mountain Dwarf Fighter on Feb 21, 2024.
             Slain by a gnoll
             ... wielding a +1 flail of protection
              (10 damage)
             ... on level 3 of the Dungeon.
             The game lasted 00:03:07 (2039 turns).

Nithhogg the Covered (Mountain Dwarf Fighter)       Turns: 2039, Time: 00:03:07

Health: -3/47      AC:  7    Str: 20    XL:     5   Next: 97%
Magic:  7/7        EV:  9    Int:  9    God:
Gold:   83         SH:  4    Dex:  9    Spells: 4/4 levels left

rFire   . . .        a - +0 war axe
rCold   . . .        c - +0 buckler
rNeg    . . .        b - +0 scale mail
rPois   .            (no helmet)
rElec   .            (no cloak)
rCorr   .            (no gloves)
SInv    .            (no boots)
Will    .....        (no amulet) Stlth
                     (no ring)
HPRegen 0.27/turn    (no ring)
MPRegen 0.10/turn

%: no passive effects
@: no status effects
A: runic magic, artefact enchanting
a: no special abilities


You were on level 3 of the Dungeon.
You visited 1 branch of the dungeon, and saw 3 of its levels.

You collected 83 gold pieces.

Inventory:

Hand Weapons
 a - a +0 war axe (weapon)
Armour
 b - a +0 scale mail (worn)
 c - a +0 buckler (worn)
Jewellery
 f - a ring of resist corrosion
Scrolls
 e - a scroll of silence {unknown}
 g - a scroll of noise {unknown}
Potions
 d - a potion of curing {unknown}
 h - a potion of attraction {unknown}


   Skills:
 + Level 4.4 Fighting
 + Level 3.9 Axes
 + Level 4.4 Armour
 + Level 1.7 Dodging
 - Level 3.2 Shields
 + Level 3.2 Invocations


You had 4 spell levels left.
You didn't know any spells.
Your spell library was empty.

Dungeon Overview and Level Annotations

Branches:
Dungeon (3/15)

Altars:


Innate Abilities, Weirdness & Mutations

Your spellcasting is much less encumbered by armour.
You can use scrolls of enchantment on lesser artefacts.


Message History

The gnoll is moderately wounded.
The gnoll looks more healthy.
A gnoll comes into view. It is wielding a +0 spear.
The gnoll hits you with a +0 whip.
The gnoll shouts!
You hit the gnoll.
The gnoll is heavily wounded.
The gnoll closely misses you.
You slash the gnoll!
You kill the gnoll!
The gnoll hits you with a +1 flail of protection!
You hit the gnoll but do no damage.
The gnoll hits you with a +1 flail of protection.
You closely miss the gnoll. The gnoll barely misses you.
You closely miss the gnoll. The gnoll hits you but does no damage.
The gnoll hits you with a +1 flail of protection!
The gnoll hits you with a +1 flail of protection.
The gnoll hits you but does no damage.
You hit the gnoll but do no damage. The gnoll closely misses you.
The gnoll hits you with a +1 flail of protection.
You are too injured to fight recklessly!
You are too injured to fight recklessly!
You are too injured to fight recklessly!
You are too injured to fight recklessly!
You are too injured to fight recklessly!
You are too injured to fight recklessly!
You are too injured to fight recklessly!
You are too injured to fight recklessly!
You barely miss the gnoll. The gnoll barely misses you.
The gnoll hits you with a +1 flail of protection.
The gnoll hits you with a +1 flail of protection!
* * * LOW HITPOINT WARNING * * *
The gnoll hits you but does no damage. The gnoll attacks as it pursues you!
The gnoll closely misses you. The gnoll attacks as it pursues you!
The gnoll hits you with a +1 flail of protection.
* * * LOW HITPOINT WARNING * * *
There is a stone staircase leading up here.
The gnoll hits you with a +1 flail of protection!
You die...

##. ####### ....
#.....# .....
#.....#####......
#.....g..)...(#
#..@g.#######....
#...>.# . ##..###
#..# ....# ###...
#.## #.


You could see 2 gnolls.

Vanquished Creatures
  Sigmund (D:2)
  A gnoll (D:3)
  An adder (D:2)
  A ribbon worm (D:2)
  A dart slug (D:1)
  3 endoplasms
  A giant cockroach (D:1)
  7 hobgoblins
  A jackal (D:1)
  4 quokkas
  2 ball pythons
  2 frilled lizards
  5 goblins
  6 kobolds
  3 rats
39 creatures vanquished.

Notes
Turn   | Place    | Note
-------+----------+-------------------------------------------
     0 | D:1      | Nithhogg the Mountain Dwarf Fighter began the quest for the
                  | Orb.
     0 | D:1      | Reached XP level 1. HP: 19/19 MP: 1/1
   100 | D:1      | Reached XP level 2. HP: 21/26 MP: 2/2
   143 | D:1      | Reached skill level 1 in Invocations
   367 | D:1      | Reached XP level 3. HP: 31/31 MP: 4/4
  1156 | D:2      | Noticed Sigmund
  1171 | D:2      | HP: 1/33 [something (4)]
  1173 | D:2      | Killed Sigmund
  1174 | D:2      | Reached skill level 1 in Dodging
  1174 | D:2      | Reached XP level 4. HP: 1/40 MP: 4/6
  1174 | D:2      | Reached XP level 5. HP: 2/46 MP: 4/7
  2039 | D:3      | Slain by a gnoll

Illustrated notes

Levels and vault maps discovered:
D:1:      dpeg_arrival_signposts, layout_basic, minmay_three_crescents
D:2:      layout_loops_ring, kennysheep_generic_room_16, uniq_sigmund
D:3:      layout_loops_ring, nicolae_qazlal_general_emergency,
          kennysheep_generic_room_6

Skill      XL: |  1  2  3 |
---------------+----------+-----
Invocations    | 1 3 |  3.2
Axes           | 3 |  3.9
Fighting       | 4 |  4.4
Armour         | 4 |  4.4
Dodging        | 1 |  1.7
Shields        | |  3.2

Action                     |  1- 3 |  4- 6 || total
---------------------------+-------+-------++-------
  Melee: War axe           |    94 |    31 ||   125
  Throw: Dart              |       |     2 ||     2
    Use: Potion            |     1 |       ||     1
 Armour: Scale mail        |    69 |    25 ||    94
  Dodge: Dodged            |    50 |    15 ||    65
  Block: Buckler           |    23 |     6 ||    29

Table legend: (Time is in decaauts)
 A = Elapsed time spent in this place.
 B = Non-inter-level travel time spent in this place.
 C = Inter-level travel time spent in this place.
 D = Time resting spent in this place.
 E = Time spent auto-exploring this place.
 F = Levels seen in this place.
 G = Mean time per level.
                   A        B        C        D        E       F      G
               +--------+--------+--------+--------+--------+-----+--------+
         Total |   2086 |   2021 |     65 |    163 |   1529 |   3 |  695.3 |
       Dungeon |   2086 |   2021 |     65 |    163 |   1529 |   3 |  695.3 |
               +--------+--------+--------+--------+--------+-----+--------+

Top non-repeatable levels by time:
     D:1: 1075 daAuts
     D:2: 975 daAuts
     D:3: 35 daAuts
